Match 24770363
Unlisted

Match 24770363
End
Panzergrenadier Squad
Panzergrenadier Squad
Selects Armored Support Battlegroup
250 Light Carrier
Construct Light Support Kompanie
Combat Half-tracks
2.5-tonne Medical Truck
Assault Mechanized Group
Fire Support Elements
Construct Panzerarmee Kommand
Panzer III L Medium Tank
Armored Reserves
Selects Veteran Gunners
Selects Flammpanzer III Medium Tank Sd.Kfz. 141
Walking Stuka Rocket Launcher
Panzerjäger Squad
tschaya2000
Eight armed demon
bayutrianggono
SneaKerz
abs59il
gb_gbg
0
0

Comments sign in to comment!

No comments posted yet!